 Dungeon Crawl Stone Soup version 0.28.0-47-ge53b351184 (webtiles) character file.

Game seed: 10040999700773181844

37 Zeld the Shield-Bearer (level 3, -2/27 (33) HPs)
             Began as a Minotaur Fighter on Apr 27, 2022.
             Slain by a wight
             ... wielding a +1 dagger of protection
              (6 damage)
             ... on level 4 of the Dungeon.
             The game lasted 00:01:20 (775 turns).

Zeld the Shield-Bearer (Minotaur Fighter)            Turns: 775, Time: 00:01:20

HP:   -2/27 (33)    AC:  7    Str: 22    XL:     3   Next: 21%
MP:   2/2           EV:  9    Int:  5    God:
Gold: 5             SH:  4    Dex:  9    Spells: 2/2 levels left

rFire   . . .      SeeInvis .   a - +0 war axe
rCold   . . .      Faith    .   c - +0 buckler
rNeg    . . .      Spirit   .   b - +0 scale mail
rPois   .          Reflect  .   (helmet restricted)
rElec   .          Harm     .   (no cloak)
rCorr   .          Rampage  .   (no gloves)
Will    .....                   (no boots)
Stlth   ..........              (no amulet)
HPRegen 0.09/turn               (no ring)
MPRegen 0.08/turn               (no ring)

@: heavily drained
A: horns 2, retaliatory headbutt
a: no special abilities


You were on level 4 of the Dungeon.
You visited 1 branch of the dungeon, and saw 4 of its levels.

You collected 5 gold pieces.

Inventory:

Hand Weapons
 a - a +0 war axe (weapon)
Armour
 b - a +0 scale mail (worn)
 c - a +0 buckler (worn)
Scrolls
 g - a scroll of immolation {unknown}
Potions
 d - a potion of might
 e - a potion of berserk rage {unknown}


   Skills:
 + Level 3.9 Fighting
 * Level 2.9 Axes
 + Level 4.0 Armour
 + Level 0.7 Dodging
 + Level 0.5 Stealth
 * Level 4.1 Shields


You had 2 spell levels left.
You didn't know any spells.
Your spell library was empty.

Dungeon Overview and Level Annotations

Branches:
Dungeon (4/15)             Temple (0/1) D:4

Altars:


Innate Abilities, Weirdness & Mutations

You have a pair of horns on your head.
You reflexively headbutt those who attack you in melee.


Message History

You see here 9 gold pieces.
You can't go down here!
You slash the dart slug!
You kill the dart slug!
The kobold throws a stone.
The stone barely misses you.
There is a staircase to the Ecumenical Temple here.
You see here a dart slug corpse.
The kobold hits you but does no damage. The wight hits you with a +0 mace!
You feel drained.
The wight hits you from afar with a +3 spear!
You feel drained. The kobold hits you but does no damage.
The wight hits you from afar with a +3 spear.
You feel drained.
There is a staircase to the Ecumenical Temple here.
You see here a dart slug corpse.
Found a stone staircase leading down.
The kobold hits you but does no damage.
Found 3 gold pieces.
The wight hits you with a +3 spear!
* * * LOW HITPOINT WARNING * * *
You feel drained.
* * * LOW HITPOINT WARNING * * *
The wight hits you but does no damage.
Found 12 stones.
You see here a +0 hunting sling.
There is a stone staircase leading up here.
An endoplasm comes into view.
The endoplasm quivers.
A wight comes into view. It is wielding a +2 halberd.
Found a fuming brown potion.
Found a stone staircase leading down.
The wight barely misses you.
The endoplasm hits you but does no damage.
A wight comes into view.
It is wielding a +1 dagger of protection.
The wight hits you but does no damage. You block the wight's attack.
The wight hits you but does no damage.
There is a staircase to the Ecumenical Temple here.
You see here a dart slug corpse.
The wight hits you with a +1 dagger of protection.
You die...

... .## #. ..###.###.###
#...........##. #
#.#.#.#.#.#$..# #.#..
#.............# ##.#...
#.#.......#.#.#### .....#
#..J........#.>..## .##.....
#.#.zz@$..#.......#
....##.####.Kz..............$
.##.......z.#.......#........
..#..#.......................
........##..#.#.#.#.#.#.....
.......###............# ..#
..#..###...<........### #
......z.....##..###.#
..#.#....##.##..###.#


You could see 4 wights, an endoplasm and a kobold.

Vanquished Creatures
  A worm (D:2)
  2 dart slugs
  2 giant cockroaches (D:3)
  3 goblins
  2 hobgoblins
  4 jackals (D:3)
  4 kobolds
  3 quokkas
  2 ball pythons
  2 bats (D:1)
  3 rats
28 creatures vanquished.

Notes
Turn   | Place    | Note
-------+----------+-------------------------------------------
     0 | D:1      | Zeld the Minotaur Fighter began the quest for the Orb.
     0 | D:1      | Reached XP level 1. HP: 19/19 MP: 0/0
   245 | D:1      | Reached XP level 2. HP: 27/27 MP: 1/1
   485 | D:3      | Reached XP level 3. HP: 17/33 MP: 2/2
   727 | D:4      | Found a staircase to the Ecumenical Temple.
   744 | D:4      | HP: 1/27 [wight/+3 spear (2)]
   775 | D:4      | Slain by a wight

Illustrated notes

Levels and vault maps discovered:
D:1:      doesnt_arrival_eight_statues, layout_basic, minmay_strange_pillars
D:2:      layout_basic, chequers_ecumenical_altar_island
D:3:      layout_rooms
D:4:      layout_loops_cross, jmf_multi_god_temple, minmay_temple_entry_glass,
          serial_shops, nicolae_stop_n_shop_1

Skill      XL: |  1  2 |
---------------+-------+-----
Shields        | 4 |  4.1
Armour         | 4 |  4.0
Fighting       | |  3.9
Axes           | |  2.9
Dodging        | |  0.7
Stealth        | |  0.5

Action                   || total
-------------------------++-------
Melee: War axe           ||    54
       Headbutt          ||     8
Armor: Scale mail        ||    53
Dodge: Dodged            ||    42
Block: Buckler           ||    33
